 Dungeon Crawl Stone Soup version 0.21.0-22-g11d5b52 (webtiles) character file.

52 Gorglomux the Digger (level 3, 14/14 HPs)
             Began as a Felid Earth Elementalist on Jan 18, 2018.
             Quit the game on level 3 of the Dungeon.
             The game lasted 00:04:58 (2210 turns).

Gorglomux the Digger (Felid Earth Elementalist)     Turns: 2210, Time: 00:04:59

Health: 14/14      AC:  1    Str:  4    XL:     3   Next: 60%
Magic:  8/8        EV: 18    Int: 17    God:
Gold:   115        SH:  0    Dex: 16    Spells: 4/8 levels left
                                        Lives:  0   Deaths: 1

rFire    . . .     SeeInvis +   (weapon unavailable)
rCold    . . .     Gourm    .   (shield unavailable)
rNeg     . . .     Faith    .   (armour unavailable)
rPois    .         Spirit   .   (helmet unavailable)
rElec    .         Reflect  .   (cloak unavailable)
rCorr    .         Harm     .   (gloves unavailable)
MR       .....                  (boots unavailable)
Stlth    +++.......             (no amulet)
HPRegen  0.04/turn              (no ring)
MPRegen  0.11/turn              (no ring)

@: quick
A: very small, no armour, no weapons or thrown items, stealth, claws 1, fangs 3,
see invisible, carnivore, speed 1, shaggy fur 1, slow metabolism 1, sharp paws
a: no special abilities


You were on level 3 of the Dungeon.
You were full.

You visited 1 branch of the dungeon, and saw 3 of its levels.

You collected 115 gold pieces.

Inventory:

Missiles
 b - 12 stones
Scrolls
 h - a scroll of enchant weapon {unknown}
 i - a scroll of immolation {unknown}
 j - 2 scrolls of amnesia {unknown}
 T - a scroll of teleportation
Potions
 k - 2 potions of might
 U - a potion of magic
Books
 d - a book of Geomancy

   Spells                             Type                      Level
   a - Sandblast                      Earth                        1
   b - Passwall                       Transmutation/Earth          2
   c - Stone Arrow                    Conjuration/Earth            3
   d - Petrify                        Transmutation/Earth          4
   e - Lee's Rapid Deconstruction     Earth                        5
 S - a book of Changes

   Spells                             Type                      Level
   a - Beastly Appendage              Transmutation                1
   b - Sticks to Snakes               Transmutation                2
   c - Spider Form                    Transmutation/Poison         3
   d - Ice Form                       Ice/Transmutation            4
   e - Blade Hands                    Transmutation                5
Comestibles
 c - 6 rations


   Skills:
 - Level 2.6 Dodging
 - Level 2.6 Stealth
 + Level 3.3 Spellcasting
 + Level 1.2 Conjurations
   Level 1.1 Transmutations
 + Level 3.8 Earth Magic


You had 4 spell levels left.
You knew the following spells:

 Your Spells              Type           Power        Failure   Level  Hunger
a - Sandblast             Erth           ###...       3%          1    None
b - Stone Arrow           Conj/Erth      ##....       19%         3    ###....


Dungeon Overview and Level Annotations

Branches:
Dungeon (3/15)

Altars:

Annotations:
D:3 Grinder


Innate Abilities, Weirdness & Mutations

You cannot wear armour.
You are incapable of wielding weapons or throwing items.
Your paws allow you to move quietly. (Stealth)
You have sharp claws.
You have razor-sharp teeth.
You have supernaturally acute eyesight. (SInv)
You are carnivorous and can eat meat at any time.
You cover ground quickly.
You are covered in fur. (AC +1)
You have a slow metabolism.
Your sharp claws are effective at attacking unaware monsters.


Message History

Confirm with ! or Enter, or press ? or * to list all spells!
Aiming: Sandblast
Press: ? - help, Shift-Dir - straight line, f - bat
Aim: a bat The butt of sand hits the bat!
You annihilate the bat!!!
b - 12 stones Eating one of 2 chunks of flesh!
You eat one of the 2 chunks of flesh!
This raw flesh tastes great!
Eating a chunk of flesh!
You eat the chunk of flesh!
This raw flesh tastes great!
U - a potion of magic A kobold butts into view!
Found a hand axe!
A kobold is butt!!!
A kobold is nearby!!!
The helpless kobold fails to defend itself!
You eviscerate the kobold!
You annihilate the kobold!!!
Are you sure you want to abandon this character and quit the game? (Confirm with "yes"!)

#.#################.
...$...............>
#####..###########.
#..# #..# #.@# #()#
#..# #..# #..# #...
#.## #.


There were no monsters in sight!

Vanquished Creatures
  4 adders
  2 oozes (D:1)
  A worm (D:2)
  3 dart slugs (D:1)
  12 bats
  4 giant cockroaches (D:1)
  5 goblins
  3 hobgoblins (D:1)
  4 jackals (D:1)
  4 kobolds
  A quokka (D:2)
  4 frilled lizards
  9 rats (D:1)
56 creatures vanquished.

Notes
Turn   | Place    | Note
-------+----------+-------------------------------------------
     0 | D:1      | Gorglomux the Felid Earth Elementalist began the quest for the Orb.
     0 | D:1      | Reached XP level 1. HP: 7/7 MP: 4/4
     1 | D:1      | Found a runed door.
   367 | D:1      | Reached skill level 3 in Earth Magic
   367 | D:1      | Reached XP level 2. HP: 11/11 MP: 6/6
  1003 | D:1      | Reached XP level 3. HP: 12/14 MP: 0/8
  1078 | D:1      | Learned a level 3 spell: Stone Arrow
  1357 | D:2      | Reached skill level 3 in Spellcasting
  1470 | D:2      | Reached XP level 4. HP: 10/18 MP: 1/9
  1583 | D:2      | Reached skill level 1 in Conjurations
  2183 | D:3      | Noticed Grinder
  2195 | D:3      | Slain by Grinder
  2196 | D:3      | Reached XP level 3. HP: 0/21 MP: 7/8
  2210 | D:3      | Quit the game

Skill      XL: |  1  2  3  4 |
---------------+-------------+-----
Earth Magic    | 3 |  3.8
Spellcasting   | 3 |  3.3
Conjurations   | 1 |  1.2
Dodging        | |  2.6
Stealth        | |  2.6
Transmutations | |  1.1

Action                   |  1- 3 |  4- 6 || total
-------------------------+-------+-------++-------
Melee: Unarmed           |    47 |    23 ||    70
       Bite              |     2 |     4 ||     6
 Cast: Sandblast         |    53 |    16 ||    69
       Stone Arrow       |     1 |     3 ||     4
  Use: Scroll            |       |     3 ||     3
       Potion            |       |     3 ||     3
 Stab: Sleeping          |     9 |     3 ||    12
  Eat: Chunk             |    11 |     1 ||    12
Armor: Skin              |     3 |     2 ||     5
Dodge: Dodged            |    43 |    30 ||    73
